 Dungeon Crawl Stone Soup version 0.14-a0-2443-g5aee772 (webtiles) character file.

771 Gorice the Slasher (level 7, 0/42 HPs)
             Began as a Tengu Fighter on Feb 7, 2014.
             Was a Follower of Okawaru.
             Slain by an orc
             ... wielding a +0,+0 orcish morningstar
              (8 damage)
             ... on Level 7 of the Dungeon.
             The game lasted 00:22:05 (2878 turns).

Gorice the Slasher (Tengu Fighter)                  Turns: 2878, Time: 00:22:05

HP   0/42        AC  8     Str 18      XL: 7   Next: 40%
MP   9/9         EV  7     Int  9      God: Okawaru [*.....]
Gold 173         SH 18     Dex 13      Spells:  0 memorised,  6 levels left

rFire  . . .     SeeInvis .     a - +0 falchion
rCold  . . .     Clarity  .     i - +1 dwarf ring mail (curse)
rNeg   . . .     Conserve .     c - +0 shield
rPois  .         rCorr    .     (helmet restricted)
rElec  .         rRot     .     k - +0 cloak
SustAb . .       Spirit   .     (no gloves)
rMut   .         Warding  .     (boots unavailable)
Saprov . . .     Stasis   .     (no amulet)
MR     .....                    (no ring)
                                (no ring)

@: not resistant to hostile enchantments, extremely unstealthy
A: able to fly, beak, talons 3
a: Fly, Heroism, Renounce Religion


You were on level 7 of the Dungeon.
You worshipped Okawaru.
Okawaru was aware of your devotion.
You were hungry.

You visited 2 branches of the dungeon, and saw 6 of its levels.

You collected 173 gold pieces.

Inventory:

Hand weapons
 a - a +0,+0 falchion (weapon)
 j - a +0,+0 bow
Missiles
 g - 20 bolts
 q - 35 darts
 t - 3 tomahawks (quivered)
 v - 18 sling bullets
 Z - 49 stones
Armour
 c - a +0 shield (worn)
 i - a cursed +1 dwarven ring mail (worn)
 k - a +0 cloak (worn)
Comestibles
 d - 2 bread rations
 h - a rotting chunk of orc flesh
 l - a pear
 n - a meat ration
Scrolls
 e - a scroll of enchant armour {unknown}
Potions
 b - 2 potions of brilliance
 f - a potion of curing


   Skills:
 + Level 3.7 Fighting
 * Level 7.2 Long Blades
 + Level 5.3 Armour
 - Level 3.0 Shields


You had 6 spell levels left.
You didn't know any spells.

Dungeon Overview and Level Annotations

Branches:
Dungeon (7/16)             Temple (1/1) D:7

Altars:
Cheibriados
Dithmengos
Kikubaaqudgha
Makhleb
Nemelex Xobeh
Okawaru
Sif Muna
Trog
Vehumet
Xom
Zin
The Shining One

Shops:
D:7 *

Annotations:
D:2 UX: Siggers!, Sigmund


Innate Abilities, Weirdness & Mutations

You can fly.
You have a beak for a mouth.
You have claws for feet.


Message History

You feel better. You block its attack.
You barely miss something. Your kick misses something.
The orc hits you with an orcish morningstar.
You block its attack.
You hit something. Okawaru accepts your kill.
Reactivating autopickup.
You feel a bit more experienced.
The orc hits you with an orcish morningstar.
The orc hits you with an orcish morningstar.
* * * LOW HITPOINT WARNING * * *
Things that are here:
an orcish mace; an orcish robe; an orc corpse You barely miss the orc.
You peck the orc.
The orc is moderately wounded.
The orc barely misses you.
Your shield prevents you from hitting the orc.
The orc is moderately wounded.
The orc hits you with an orcish morningstar!
You die...

#%# #.# #.# #.# #.# ## #.#
#.. ... #.# #.#
.....##.###############.#
.........@...............#
.....##.o.≈§≈..##........
.... #..≈§§§≈.##........
### #.≈§≈§§§≈##........
#.§§≈>§§§##....%%.<
#.≈≈≈§≈≈≈##........
#..≈§§§≈...........
#...≈§≈..##........
#.####..########+##


You could see an orc.

Vanquished Creatures
  A black bear (D:7)
  An ogre (D:2)
  A centaur (D:7)
  A giant frog (D:7)
  2 crimson imps (D:7)
  3 orc wizards (D:7)
  5 adders
  A giant mite (D:1)
  A worm (D:3)
  An ooze (D:2)
  4 orcs (D:7)
  A ball python (D:1)
  4 giant cockroaches
  6 goblins
  12 hobgoblins
  A quokka (D:2)
  6 bats
  2 giant geckos
  2 giant newts
  11 jackals
  5 kobolds
  A quokka zombie (D:7)
  7 rats
79 creatures vanquished.

Notes
Turn   | Place    | Note
--------------------------------------------------------------
     0 | D:1      | Gorice, the Tengu Fighter, began the quest for the Orb.
     0 | D:1      | Reached XP level 1. HP: 14/14 MP: 1/1
   158 | D:1      | Reached XP level 2. HP: 19/19 MP: 3/3
   402 | D:1      | Reached XP level 3. HP: 20/23 MP: 4/4
  1048 | D:2      | Reached skill level 4 in Long Blades
  1204 | D:2      | Reached XP level 4. HP: 28/28 MP: 5/5
  1413 | D:2      | Noticed Sigmund
  1511 | D:2      | UX: Siggers!
  1513 | D:3      | Noticed an ogre
  1526 | D:2      | Killed an ogre
  1526 | D:2      | Reached skill level 5 in Long Blades
  1526 | D:2      | Reached XP level 5. HP: 11/32 MP: 7/7
  2071 | D:3      | You fall through a shaft for 3 floors!
  2071 | D:6      | Noticed an ice beast
  2072 | D:6      | oh for fuck's sake
  2094 | D:7      | Found Triasyus' Assorted Antiques.
  2099 | D:7      | Noticed a black bear
  2116 | D:7      | Killed a black bear
  2116 | D:7      | Reached skill level 6 in Long Blades
  2116 | D:7      | Reached XP level 6. HP: 19/37 MP: 8/8
  2147 | D:7      | Found a staircase to the Ecumenical Temple.
  2160 | Temple   | Entered the Ecumenical Temple
  2164 | Temple   | Became a worshipper of Warmaster Okawaru
  2459 | D:7      | Noticed a centaur
  2598 | D:7      | Killed a centaur
  2598 | D:7      | Reached skill level 5 in Armour
  2598 | D:7      | Reached XP level 7. HP: 18/41 MP: 9/9
  2610 | D:7      | HP: 2/41 [orc wizard/puff of flame (12)]
  2613 | D:7      | Paralysed by a potion of paralysis for 3 turns
  2653 | D:7      | Reached skill level 7 in Long Blades
  2672 | D:7      | Acquired Okawaru's first power
  2878 | D:7      | Slain by an orc

Action                   |  1- 3 |  4- 6 |  7- 9 || total
-------------------------+-------+-------+-------++-------
Melee: Falchion          |    83 |   120 |    43 ||   246
Throw: Dart              |    11 |    16 |       ||    27
       Tomahawk          |       |     6 |       ||     6
  Use: Scroll            |       |     7 |       ||     7
       Potion            |       |     2 |     8 ||    10
